 Dungeon Crawl Stone Soup version 0.19-a0-975-gfff5315 (webtiles) character file.

112 4thArraOfDagon the Chopper (level 4, 0/40 HPs)
             Began as a Minotaur Chaos Knight on July 13, 2016.
             Succumbed to a kobold's poison
             ... on level 3 of the Dungeon.
             The game lasted 00:02:52 (480 turns).

4thArraOfDagon the Chopper (Minotaur Chaos Knight)   Turns: 480, Time: 00:02:53

Health: 0/40       AC:  6    Str: 16    XL:     4   Next: 63%
Magic:  3/3        EV: 10    Int: 10    God:    Xom [*.....]
Gold:   128        SH:  0    Dex: 10    Spells: 0 memorised, 3 levels left

rFire  . . .     SeeInvis .     a - +0 hand axe (chaos)
rCold  . . .     Gourm    .     d - +0 scale mail
rNeg   . . .     Faith    .     (no shield)
rPois  .         Spirit   .     (helmet restricted)
rElec  .         Dismiss  .     (no cloak)
rCorr  .         Reflect  .     (no gloves)
SustAt .         Harm     .     (no boots)
MR     .....                    (no amulet)
Stlth  ..........               (no ring)
                                (no ring)

@: lethally poisoned (0 -> -1), not resistant to hostile enchantments, extremely
unstealthy
A: retaliatory headbutt, horns 2
a: Renounce Religion


You were on level 3 of the Dungeon.
You worshipped Xom.
You were a special plaything of Xom.
You were not hungry.

You visited 1 branch of the dungeon, and saw 3 of its levels.

You collected 128 gold pieces.

Inventory:

Hand Weapons
 a - a +0 hand axe of chaos (weapon)
 f - a +0 blowgun
Missiles
 e - 5 curare-tipped needles
 i - 3 steel tomahawks (quivered)
Armour
 b - a +2 leather armour
 d - a +0 scale mail (worn)
Scrolls
 h - a scroll of identify {unknown}
 j - a scroll of remove curse {unknown}
 k - a scroll of teleportation {unknown}
Comestibles
 c - 3 bread rations
 g - a meat ration


   Skills:
 + Level 4.3 Fighting
 * Level 5.0 Axes
 + Level 3.2 Armour
 + Level 2.4 Dodging


You had 3 spell levels left.
You didn't know any spells.

Dungeon Overview and Level Annotations

Branches:
Dungeon (3/15)

Altars:
Fedhas
Qazlal
Zin


Innate Abilities, Weirdness & Mutations

You reflexively headbutt those who attack you in melee.
You have a pair of horns on your head.


Message History

* * * LOW HITPOINT WARNING * * *
Unknown command.
You closely miss the kobold. You headbutt the kobold.
You kill the kobold!
Unknown command.
You barely miss the worm.
The worm is severely wounded.
Unknown command.
You hit the worm.
You kill the worm!
Unknown command.
Unknown command.
* * * LOW HITPOINT WARNING * * *
You feel sick.
Things that are here:
a short sword; a kobold corpse Unknown command.
You see here a curare-tipped needle.
You die...
Xom giggles madly!

#....#.###..
#######....#.#####
##...##.....#...#
##..........#....#
#.......)........# #
#.....(..........#.#
#.................(.
##........(......?..
##...##...@.<......
######.###(.......
#.......(........
#.......#........
#.......#........
#..(..(.#........
#########........
#........ ##.......


There were no monsters in sight!

Vanquished Creatures
  Terence (D:3)
  6 adders
  2 worms
  A dart slug (D:3)
  2 bats
  A giant cockroach (D:3)
  5 goblins
  2 hobgoblins
  A jackal (D:2)
  A ball python (D:3)
  6 kobolds
  2 rats
30 creatures vanquished.

Notes
Turn   | Place    | Note
-------+----------+-------------------------------------------
     0 | D:1      | 4thArraOfDagon the Minotaur Chaos Knight began the quest for the Orb.
     0 | D:1      | Reached XP level 1. HP: 19/19 MP: 0/0
     0 | D:1      | mick
    48 | D:2      | Reached XP level 2. HP: 27/27 MP: 1/1
    52 | D:2      | Reached skill level 4 in Axes
    74 | D:2      | XOM: butterfly on damage
    86 | D:2      | Reached XP level 3. HP: 9/33 MP: 2/2
   129 | D:3      | Noticed Terence
   131 | D:3      | XOM: potion effect (haste)
   138 | D:3      | Killed Terence
   218 | D:3      | Found a glowing silver altar of Zin.
   218 | D:3      | Found a stormy altar of Qazlal.
   218 | D:3      | Found a blossoming altar of Fedhas.
   304 | D:3      | Reached XP level 4. HP: 17/40 MP: 3/3
   420 | D:3      | Reached skill level 5 in Axes
   472 | D:3      | HP: 1/40 [kobold/short sword (2)]
   480 | D:3      | Succumbed to a kobold's poison

Vault maps used:
D:1:      ncdulo_halloftheorcs, lemuel_flame_loot_1
D:2:      nicolae_overflow_crystal_walls
D:3:      gammafunk_temple_overflow_claw, ecumenical_altar_2,
          minmay_misc_feat_ornament, uniq_terence, uniq_natasha

Skill      XL: |  1  2  3  4 |
---------------+-------------+-----
Axes           | 4 5 |  5.0
Fighting       | 4 |  4.3
Dodging        | 2 |  2.4
Armour         | 3 |  3.2

Action                   |  1- 3 |  4- 6 || total
-------------------------+-------+-------++-------
Melee: Hand axe          |    40 |    25 ||    65
       Headbutt          |     3 |     4 ||     7
 Fire: Blowgun           |       |     1 ||     1
  Use: Potion            |     1 |     3 ||     4
 Stab: Invisible         |     2 |       ||     2
Armor: Leather armour    |    10 |       ||    10
       Scale mail        |     3 |     8 ||    11
Dodge: Dodged            |    29 |    11 ||    40
